 Dungeon Crawl Stone Soup version 0.19-a0-1091-g463c9de (webtiles) character file.

217 4thArraOfDagon the Ruffian (level 5, -7/46 HPs)
             Began as a Troll Arcane Marksman on Aug 7, 2016.
             Was an Initiate of Cheibriados.
             Mangled by Edmund
             ... wielding a +3 flail of holy wrath
              (11 damage)
             ... on level 5 of the Dungeon.
             The game lasted 00:02:26 (535 turns).

4thArraOfDagon the Ruffian (Troll Arcane Marksman)   Turns: 535, Time: 00:02:27

Health: -7/46      AC:  5    Str: 20    XL:     5   Next: 62%
Magic:  5/5        EV: 10    Int: 11    God:    Cheibriados [......]
Gold:   28         SH:  0    Dex: 10    Spells: 1 memorised, 5 levels left

rFire  . . .     SeeInvis .       - Unarmed
rCold  . . .     Gourm    +     a - +0 robe
rNeg   . . .     Faith    .     (no shield)
rPois  .         Spirit   .     (helmet restricted)
rElec  .         Dismiss  .     (no cloak)
rCorr  .         Reflect  .     (gloves unavailable)
SustAt .         Harm     .     (boots unavailable)
MR     .....                    (no amulet)
Stlth  +.........               (no ring)
                                (no ring)

@: hasted, very quick
A: unfitting armour, claws 3, fast metabolism 3, gourmand, regeneration 2,
shaggy fur 1, tough skin 2
a: Bend Time, Renounce Religion


You were on level 5 of the Dungeon.
You worshipped Cheibriados.
Cheibriados was noncommittal.
You were not hungry.

You visited 2 branches of the dungeon, and saw 6 of its levels.

You collected 28 gold pieces.

Inventory:

Hand Weapons
 n - the +9 mace of Indomitability {pain, rF+ Str+4}
   (You found it on level 5 of the Dungeon)

   In the hands of one skilled in necromantic magic, it inflicts extra damage on
   living creatures.
   It affects your strength (+4).
   It protects you from fire.
Missiles
 c - 4 large rocks
 d - 2 throwing nets (quivered)
Armour
 a - a +0 robe (worn)
Scrolls
 e - 4 scrolls of identify {unknown}
 j - a scroll of remove curse {unknown}
 m - a scroll of amnesia {unknown}
 p - a scroll of enchant armour {unknown}
Potions
 i - a potion of haste
 k - a potion of brilliance {unknown}
 l - a potion of might {unknown}
 o - a potion of berserk rage {unknown}
Books
 b - a book of Debilitation

   Spells                             Type                      Level
   a - Corona                         Hexes                        1
   b - Slow                           Hexes                        2
   c - Gell's Gravitas                Hexes/Translocation          3
   d - Inner Flame                    Hexes/Fire                   3
   e - Cause Fear                     Hexes                        4
   f - Leda's Liquefaction            Hexes/Earth                  4
Comestibles
 f - 3 bread rations
 g - 2 meat rations
 h - a slice of pizza


   Skills:
 - Level 0.7 Fighting
 - Level 1.7 Throwing
 - Level 1.5 Dodging
 * Level 5.5 Unarmed Combat
 - Level 1.0 Spellcasting
 - Level 2.0 Hexes


You had 5 spell levels left.
You knew the following spells:

 Your Spells              Type           Power        Failure   Level  Hunger
a - Corona                Hex            #......      17%         1    ##.....


Dungeon Overview and Level Annotations

Branches:
Dungeon (5/15)             Temple (1/1) D:5

Altars:
Ashenzari
Cheibriados
Fedhas
Makhleb
Qazlal
Ru
Xom

Annotations:
D:5 Edmund


Innate Abilities, Weirdness & Mutations

You are too large for most types of armour.
You have claws for hands.
Your metabolism is lightning-fast.
You like to eat raw meat.
You heal very quickly.
You are covered in fur. (AC +1)
You have very tough skin. (AC +2)


Message History

Edmund is heavily wounded.
Edmund hits you with a flail of holy wrath.
* * * LOW HITPOINT WARNING * * *
You scratch Edmund.
Edmund is severely wounded.
Edmund closely misses you.
Unknown command.
You barely miss Edmund.
Edmund is severely wounded.
Unknown command.
You barely miss Edmund.
Edmund is severely wounded.
Edmund hits you with a flail of holy wrath!
* * * LOW HITPOINT WARNING * * *
Unknown command.
Unknown command.
It was a potion of haste.
You feel yourself speed up.
Cheibriados forgives your accidental hurry, just this once.
Edmund hits you with a flail of holy wrath!
You die...

#.................
..####.........##.##.#.
...................##...
..##..####.†.#####..#.##.##
#.....####...# ##....##.#
.........#...# #.###.##.#
.........#...####.# #.##.#
.........#...#....# #.##.#
.........#@..#.##.# #.####
........O@..##.##.....#
.....!....#....########
..........#..###
?.............#
.........##...#
.....(...##...#
####.##.###...# ..> ..#
#...#


You could see Edmund and an ogre.

Vanquished Creatures
  Menkaure (D:5)
  A scorpion (D:5)
  A hound zombie (D:4)
  2 adders (D:3)
  A giant gecko (D:3)
  2 orcs (D:3)
  A bat (D:3)
  3 jackals (D:4)
  3 kobolds
  2 rats
17 creatures vanquished.

Notes
Turn   | Place    | Note
-------+----------+-------------------------------------------
     0 | D:1      | 4thArraOfDagon the Troll Arcane Marksman began the quest for the Orb.
     0 | D:1      | Reached XP level 1. HP: 18/18 MP: 1/1
    75 | D:3      | Reached skill level 1 in Unarmed Combat
    75 | D:3      | Reached XP level 2. HP: 10/26 MP: 2/2
    80 | D:3      | Reached skill level 2 in Unarmed Combat
   307 | D:3      | Reached XP level 3. HP: 32/32 MP: 3/3
   376 | D:4      | Reached skill level 3 in Unarmed Combat
   409 | D:5      | Entered Level 5 of the Dungeon
   409 | D:5      | Noticed a scorpion
   412 | D:5      | Found a staircase to the Ecumenical Temple.
   422 | D:5      | Killed a scorpion
   422 | D:5      | Reached skill level 4 in Unarmed Combat
   422 | D:5      | Reached XP level 4. HP: 18/40 MP: 4/4
   431 | Temple   | Entered the Ecumenical Temple
   450 | Temple   | Became a worshipper of Cheibriados the Contemplative
   474 | D:5      | Got a fine mace
   475 | D:5      | Identified the +9 mace of Indomitability {pain, rF+ Str+4} (You found it on level 5 of the Dungeon)
   480 | D:5      | Noticed Menkaure
   493 | D:5      | Killed Menkaure
   493 | D:5      | Reached skill level 5 in Unarmed Combat
   493 | D:5      | Reached XP level 5. HP: 21/46 MP: 5/5
   517 | D:5      | Noticed Edmund
   519 | D:5      | Noticed an ogre
   535 | D:5      | Mangled by Edmund

Vault maps used:
D:1:      roderic_dead_forest, minmay_misc_feat_ornament
D:2:      ecumenical_altar_2, serial_bayou_pond_a
D:3:      first_bread
D:4:      uniq_pikel, uniq_sigmund
D:5:      grunt_temple_overflow_opulence, basic_altar, gup_sewer_entry_glass,
          minmay_ruined_shrine, uniq_duvessa, uniq_edmund, uniq_menkaure,
          uniq_prince_ribbit1
Temple:   eino_temple_water

Skill      XL: |  1  2  3  4 |
---------------+-------------+-----
Unarmed Combat | 1 2 4 5 |  5.5
Fighting       | |  0.7
Throwing       | |  1.7
Dodging        | |  1.5
Spellcasting   | |  1.0
Hexes          | |  2.0

Action                   |  1- 3 |  4- 6 || total
-------------------------+-------+-------++-------
Melee: Unarmed           |    58 |    15 ||    73
       Punch             |       |     1 ||     1
Throw: Large rock        |       |     1 ||     1
       Throwing net      |       |     1 ||     1
  Use: Potion            |       |     1 ||     1
  Eat: Chunk             |     4 |       ||     4
Armor: Robe              |    16 |       ||    16
Dodge: Dodged            |    33 |     1 ||    34
